 Dungeon Crawl Stone Soup version 0.22-a0-91-g23542c2 (webtiles) character file.

411 KristoblXynda the Insei (level 6, -1/51 HPs)
             Began as a Draconian Monk on Jan 22, 2018.
             Was a Believer of Okawaru.
             Slain by a gnoll
             ... wielding a cursed +0 whip
              (5 damage)
             ... on level 4 of the Dungeon.
             The game lasted 00:08:04 (3586 turns).

KristoblXynda the Insei (Draconian Monk)            Turns: 3586, Time: 00:08:05

Health: -1/51      AC:  7    Str: 13    XL:     6   Next: 58%
Magic:  6/6        EV: 14    Int: 12    God:    Okawaru [**....]
Gold:   137        SH:  0    Dex: 14    Spells: 5/5 levels left

rFire    . . .     SeeInvis .     - Unarmed
rCold    . . .     Gourm    .   (no shield)
rNeg     . . .     Faith    .   (armour unavailable)
rPois    .         Spirit   .   (helmet restricted)
rElec    .         Reflect  .   (no cloak)
rCorr    .         Harm     .   l - +0 pair of gloves
MR       +....                  (no boots)
Stlth    ++........             (no amulet)
HPRegen  0.17/turn              d - ring of protection from magic
MPRegen  0.10/turn              (no ring)

@: no status effects
A: unfitting armour, cold-blooded, AC +6
a: Heroism, Renounce Religion


You were on level 4 of the Dungeon.
You worshipped Okawaru.
Okawaru was pleased with you.
You were hungry.

You visited 1 branch of the dungeon, and saw 4 of its levels.

You collected 137 gold pieces.

Inventory:

Armour
 l - a +0 pair of gloves (worn)
 o - a +0 shield
Jewellery
 d - a ring of protection from magic (left hand)
 f - an uncursed amulet of harm {unknown}
Wands
 e - a wand of acid (13)
Scrolls
 b - 3 scrolls of enchant weapon
 h - a scroll of fog {unknown}
 m - a scroll of teleportation
 n - a scroll of random uselessness {unknown}
Potions
 g - a potion of curing {unknown}
 i - a potion of lignification {unknown}
 k - a potion of heal wounds
Books
 c - a book of Cantrips

   Spells                             Type                      Level
   a - Confusing Touch                Hexes                        1
   b - Animate Skeleton               Necromancy                   1
   c - Summon Small Mammal            Summoning                    1
   d - Apportation                    Translocation                1
Comestibles
 a - 6 rations


   Skills:
 - Level 3.2 Fighting
 * Level 4.5 Dodging
 - Level 1.7 Stealth
 + Level 5.9 Unarmed Combat
 + Level 1.2 Invocations
 + Level 1.1 Evocations


You had 5 spell levels left.
You didn't know any spells.

Dungeon Overview and Level Annotations

Branches:
Dungeon (4/15)
 Temple: D:4-7

Altars:
Gozag
Makhleb
Okawaru
Xom


Innate Abilities, Weirdness & Mutations

Your plain brown scales are hard. (AC +6)
You cannot fit into any form of body armour.
You are cold-blooded and may be slowed by cold attacks.


Message History

The gnoll is lightly wounded.
The gnoll hits you with a spear.
* * * LOW HITPOINT WARNING * * *
The gnoll closely misses you.
You punch the gnoll!
You kill the gnoll!
Okawaru accepts your kill. The gnoll hits you with a whip.
* * * LOW HITPOINT WARNING * * *
The gnoll hits you but does no damage. The gnoll hits you with a whip.
* * * LOW HITPOINT WARNING * * *
You closely miss the gnoll.
You tail-slap the gnoll, but do no damage.
The gnoll hits you with a whip.
* * * LOW HITPOINT WARNING * * *
You hit the gnoll. You tail-slap the gnoll.
The gnoll is moderately wounded.
The gnoll hits you with a whip.
You die...

#........#.#.........#
##....####..#.........#
#....##..#..#.........
#...###.....#.........
#..###................
#..##..........(......
##.##_........).......
#)##....##...g)......
#.###....#..@........
#..#.#...#.#..>......
##....#[##.#.........
##..##.##.#.........
##..####.#.........
##... ..#......... #...
.........
.............. .....


You could see a gnoll.

Vanquished Creatures
  2 ogres
  A worker ant (D:4)
  2 gnolls (D:4)
  9 adders
  2 oozes
  An adder skeleton (D:4)
  5 worms
  5 leopard geckos
  14 orcs (D:3)
  3 giant cockroaches
  8 goblins
  4 hobgoblins
  2 jackals (D:2)
  10 kobolds
  3 quokkas (D:3)
  A ball python (D:2)
  11 bats
  4 frilled lizards
  A jackal skeleton (D:4)
  3 rats
91 creatures vanquished.

Notes
Turn   | Place    | Note
-------+----------+-------------------------------------------
     0 | D:1      | KristoblXynda the Draconian Monk began the quest for the Orb.
     0 | D:1      | Reached XP level 1. HP: 19/19 MP: 1/1
    66 | D:1      | Reached XP level 2. HP: 8/26 MP: 2/2
   723 | D:1      | Reached XP level 3. HP: 31/31 MP: 3/3
   843 | D:2      | Reached skill level 4 in Unarmed Combat
  1037 | D:2      | Reached XP level 4. HP: 27/38 MP: 4/4
  1072 | D:2      | Noticed an ogre
  1095 | D:2      | Killed an ogre
  1095 | D:2      | Reached skill level 5 in Unarmed Combat
  1095 | D:2      | Reached XP level 5. HP: 8/45 MP: 5/5
  2110 | D:3      | Found an iron altar of Okawaru.
  2121 | D:3      | Became a worshipper of Warmaster Okawaru
  2121 | D:3      | Reached * piety under Okawaru
  2121 | D:3      | Reached ** piety under Okawaru
  2297 | D:3      | Found an opulent altar of Gozag.
  2854 | D:4      | Found a shimmering altar of Xom.
  2923 | D:4      | Reached XP level 6. HP: 41/51 MP: 6/6
  3114 | D:4      | Found a burning altar of Makhleb.
  3144 | D:4      | Reached skill level 1 in Invocations
  3144 | D:4      | Reached skill level 1 in Evocations
  3586 | D:4      | Slain by a gnoll

Vault maps used:
D:1:      dpeg_arrival_long_road
D:3:      nicolae_overflow_hidden_temple, okawaru_ov_weapons_minmay
D:4:      lemuel_doored_altar, cheibriados_altar_1, lemuel_round_altar,
          minmay_ruined_shrine

Skill      XL: |  1  2  3  4  5  6 |
---------------+-------------------+-----
Dodging        | 3 4 |  4.5
Unarmed Combat | 4 5 |  5.9
Invocations    | 1 |  1.2
Evocations     | 1 |  1.1
Fighting       | |  3.2
Stealth        | |  1.7

Action                   |  1- 3 |  4- 6 || total
-------------------------+-------+-------++-------
Melee: Unarmed           |   168 |   237 ||   405
       Tailslap          |    23 |    37 ||    60
       Punch             |     3 |     8 ||    11
  Use: Scroll            |       |     6 ||     6
       Potion            |       |     1 ||     1
 Stab: Sleeping          |     1 |     4 ||     5
  Eat: Chunk             |       |     8 ||     8
Armor: Skin              |    68 |    54 ||   122
Dodge: Dodged            |   157 |   139 ||   296

Table legend:
 A = Spawn XP
 B = Non-spawn XP
 C = Spawn XP percentage of total XP
 D = Spawn monster count
 E = Non-spawn monster count
 F = Spawn count percentage of total count
 G = Total turns spent on level
                    A         B        C        D         E        F      G
               +---------+---------+-------+---------+---------+-------+---------
         Total |       0 |     588 |   0.0 |       0 |      91 |   0.0 |  3586
               +---------+---------+-------+---------+---------+-------+---------
           D:1 |       0 |      50 |   0.0 |       0 |      26 |   0.0 |   812
           D:2 |       0 |     202 |   0.0 |       0 |      19 |   0.0 |   841
           D:3 |       0 |     102 |   0.0 |       0 |      34 |   0.0 |  1042
           D:4 |       0 |     234 |   0.0 |       0 |      12 |   0.0 |   891
               +---------+---------+-------+---------+---------+-------+---------
